Map: Romanticide LE

Players

LanaDelRey - Winner!

  • Race: Protoss Protoss
  • League: Master
  • Spawn Location: 11:00

Nanaki

  • Race: Protoss Protoss
  • League: Master
  • Spawn Location: 5:00

VOD

Have the link to the VOD?

Description

Time

  • Played on: March 27, 2021, 8:39 a.m.
  • Length: 15:09
Show
View Real Time Build Order
Export as new Build Order

LanaDelRey Protoss - Winner!

Build Orders: Phoenix Opening 

Get SALT Encoding   

  12  0:00  Probe  
  13  0:12  Probe  
  14  0:17  Pylon  
  14  0:24  Probe (Chrono Boost)  
  16  0:36  Gateway  
  16  0:37  Probe (Chrono Boost)  
  16  0:42  Probe (Chrono Boost)  
  16  0:45  Assimilator  
  17  0:52  Probe  
  17  0:54  Assimilator  
  18  1:04  Probe (Chrono Boost)  
  19  1:13  Probe (Chrono Boost)  
  20  1:18  Probe (Chrono Boost)  
  20  1:23  Cybernetics Core  
  21  1:29  Pylon  
  21  1:30  Probe  
  22  1:42  Probe  
  23  2:00  Adept (Chrono Boost)  
  25  2:02  Stargate  
  25  2:11  Robotics Facility  
  25  2:19  Probe  
  25  2:21  Adept (Chrono Boost)  
  26  2:26  Pylon  
  26  2:29  Warp Gate  
  28  2:45  Phoenix  
  28  2:50  Adept  
  32  2:55  Shield Battery  
  32  3:03  Immortal (Chrono Boost)  
  33  3:21  Phoenix  
  35  3:37  Pylon  
  35  3:41  Immortal  
  39  4:00  Shield Battery  
  39  4:01  Phoenix  
  41  4:21  Immortal  
  43  4:43  Phoenix  
  45  4:46  Stalker  
  45  4:52  Pylon  
  47  5:10  Immortal  
  51  5:15  Nexus  
  51  5:26  Pylon  
  51  5:31  Adept  
  53  5:45  Phoenix  
  55  5:51  Observer  
  55  5:53  Shield Battery  
  56  6:00  Shield Battery  
  56  6:02  Probe  
  57  6:12  Robotics Bay  
  57  6:17  Probe  
  54  6:35  Probe (Chrono Boost)  
  54  6:36  Probe (Chrono Boost)  
  54  6:43  Stalker  
  54  6:45  Probe (Chrono Boost)  
  54  6:46  Probe (Chrono Boost)  
  58  6:50  Probe (Chrono Boost)  
  58  6:51  Probe (Chrono Boost)  
  58  6:53  Gateway  
  60  6:59  Gateway  
  60  7:04  Twilight Council  
  60  7:08  Stalker  
  62  7:13  Gateway  
  62  7:14  Probe  
  63  7:17  Probe  
  64  7:26  Probe  
  64  7:29  Probe  
  66  7:38  Probe  
  66  7:41  Probe, Stalker  
  66  7:43  Pylon  
  70  7:46  Pylon  
  70  7:51  Probe  
  71  7:52  Observer  
  71  7:53  Forge  
  71  8:01  Dark Shrine  
  71  8:02  Charge (Chrono Boost)  
  71  8:04  Stalker  
  71  8:05  Stalker  
  75  8:10  Assimilator  
  75  8:12  Assimilator  
  75  8:19  Probe x2  
  71  8:26  Stalker x2  
  70  8:31  Probe x2  
  72  8:40  Stalker  
  74  8:43  Probe x2 (Chrono Boost)  
  70  8:55  Probe (Chrono Boost)  
  72  8:56  Probe (Chrono Boost)  
  72  9:02  Probe x2 (Chrono Boost)  
  73  9:09  Probe  
  74  9:13  Dark Templar x3  
  74  9:16  Probe  
  82  9:23  Gateway  
  82  9:29  Protoss Ground Weapons Level 1 (Chrono Boost)  
  82  9:33  Zealot  
  84  9:40  Pylon  
  84  10:09  Probe x2 (Chrono Boost)  
  86  10:16  Nexus  
  86  10:18  Probe (Chrono Boost)  
  87  10:33  Probe  
  87  10:41  Zealot x5  
  91  10:53  Gateway  
  91  11:01  Dark Templar x4  
  91  11:02  Dark Templar  
  101  11:05  Pylon  
  101  11:13  Archon x2  
  68  11:34  Dark Templar x2  
  68  11:35  Zealot x3  
  70  11:42  Protoss Ground Weapons Level 2 (Chrono Boost)  
  70  11:44  Archon  
  70  11:48  Probe x3  
  70  11:51  Zealot  
  57  12:10  Zealot x2  
  57  12:11  Zealot x2  
  55  12:16  Dark Templar x2  
  55  12:21  Archon  
  55  12:25  Probe x2  
  57  12:32  Pylon  
  57  12:33  Dark Templar x2  
  57  12:34  Dark Templar, Pylon  
  57  12:37  Dark Templar  
  65  12:48  Assimilator  
  65  12:50  Archon x2  
  65  12:51  Dark Templar x2, Assimilator  
  67  12:56  Immortal (Chrono Boost)  
  69  13:00  Probe  
  69  13:02  Probe, Archon  
  75  13:05  Probe  
  72  13:13  Probe  
  72  13:14  Probe, Stalker  
  72  13:24  Probe  
  72  13:25  Probe  
  69  13:27  Dark Templar x2  
  69  13:31  Archon  
  69  13:32  Probe  
  72  13:36  Probe  
  72  13:37  Probe, Zealot x2  
  78  13:46  Dark Templar  
  78  13:47  Dark Templar  
  81  13:52  Archon  
  81  13:53  Probe x3 (Chrono Boost)  
  79  13:59  Sentry  
  79  14:01  Zealot  
  84  14:03  Probe (Chrono Boost)  
  84  14:07  Probe (Chrono Boost)  
  84  14:08  Probe (Chrono Boost)  
  86  14:12  Dark Templar  
  70  14:31  Zealot x4  
  70  14:32  Zealot  
  70  14:34  Probe  
  75  14:44  Probe x2  
  77  14:46  Probe, Dark Templar  
  78  15:03  Dark Templar x3  
  78  15:04  Zealot x2  
  88  15:07  Archon  
Show
View Real Time Build Order
Export as new Build Order

Nanaki Protoss 

Build Orders:  

Get SALT Encoding   

  12  0:00  Probe  
  13  0:12  Probe  
  14  0:17  Pylon  
  14  0:24  Probe (Chrono Boost)  
  15  0:36  Probe (Chrono Boost)  
  15  0:39  Gateway  
  16  0:44  Probe (Chrono Boost)  
  17  0:50  Probe  
  17  0:54  Assimilator  
  18  1:02  Assimilator  
  18  1:03  Probe  
  19  1:13  Gateway  
  19  1:15  Probe  
  20  1:27  Probe  
  20  1:28  Cybernetics Core  
  21  1:36  Pylon  
  21  1:39  Probe  
  22  1:51  Probe  
  23  1:55  Pylon  
  23  2:00  Warp Gate (Chrono Boost)  
  23  2:03  Probe  
  23  2:07  Adept x2  
  28  2:18  Pylon  
  28  2:37  Stalker x2  
  30  2:39  Gateway  
  32  2:49  Gateway  
  30  3:21  Probe  
  31  3:32  Stalker  
  31  3:33  Stalker  
  31  3:34  Stalker  
  37  3:40  Pylon  
  37  3:43  Stalker  
  39  3:48  Stalker  
  41  3:57  Stalker  
  41  3:58  Stalker  
  39  4:36  Adept  
  39  4:37  Adept  
  39  4:38  Probe  
  36  4:41  Stargate  
  34  4:50  Probe  
  35  4:53  Stargate  
  35  5:00  Pylon  
  35  5:02  Probe  
  36  5:14  Probe  
  37  5:26  Phoenix (Chrono Boost)  
  39  5:30  Probe  
  40  5:45  Phoenix (Chrono Boost)  
  40  5:49  Phoenix (Chrono Boost)  
  40  5:56  Phoenix (Chrono Boost)  
  40  5:58  Nexus  
  42  6:05  Probe  
  42  6:07  Assimilator  
  42  6:08  Phoenix  
  45  6:15  Pylon  
  45  6:18  Probe  
  43  6:35  Phoenix (Chrono Boost)  
  43  6:36  Probe  
  46  6:48  Probe  
  46  6:49  Phoenix (Chrono Boost)  
  49  7:00  Probe  
  50  7:03  Pylon  
  50  7:08  Phoenix (Chrono Boost)  
  52  7:10  Probe  
  52  7:12  Probe  
  54  7:19  Phoenix (Chrono Boost)  
  57  7:22  Probe  
  57  7:24  Probe  
  57  7:29  Phoenix (Chrono Boost)  
  60  7:34  Probe  
  60  7:36  Probe  
  62  7:43  Phoenix (Chrono Boost)  
  64  7:47  Assimilator  
  64  7:48  Probe  
  64  7:49  Probe, Pylon  
  66  7:55  Twilight Council  
  66  8:01  Forge  
  66  8:03  Probe  
  67  8:08  Probe  
  68  8:15  Probe  
  67  8:27  Charge  
  67  8:34  Zealot x4, Protoss Ground Weapons Level 1 (Chrono Boost)  
  67  8:37  Templar Archives  
  75  8:52  Pylon  
  75  8:54  Shield Battery  
  73  8:55  Sentry  
  73  8:56  Shield Battery  
  73  8:58  Shield Battery  
  75  9:04  Zealot x3  
  81  9:20  Gateway, High Templar  
  81  9:22  Gateway  
  81  9:24  High Templar  
  85  9:26  High Templar  
  85  9:27  Zealot  
  85  9:28  Archon  
  89  9:31  Pylon  
  89  9:38  Photon Cannon  
  89  9:44  High Templar  
  91  9:47  Zealot x2  
  91  9:48  Archon  
  95  9:57  Oracle (Chrono Boost)  
  98  10:00  Pylon  
  96  10:08  Pylon  
  96  10:15  Oracle (Chrono Boost)  
  99  10:43  Photon Cannon  
  99  10:44  Photon Cannon  
  99  10:53  Photon Cannon  
  99  10:55  High Templar  
  101  10:58  High Templar  
  101  11:00  Zealot x2  
  101  11:02  Archon  
  64  11:35  Zealot x5  
  64  11:36  Zealot  
  72  11:41  Void Ray  
  72  11:42  Void Ray  
  80  11:55  Zealot x4  
  80  11:56  Zealot  
  76  12:15  Stalker x2  
  72  12:22  Sentry  
  72  12:23  Zealot x2, Photon Cannon  
  76  12:39  Pylon  
  76  13:00  High Templar x2  
  76  13:01  Zealot x2  
  76  13:03  Nexus  
  76  13:04  Archon, Pylon  
  82  13:31  High Templar  
  84  13:36  Photon Cannon  
  84  13:39  Photon Cannon, Assimilator  
  84  13:40  High Templar, Shield Battery  
  84  13:41  Zealot x3  
  92  13:42  Pylon  
  92  13:43  Probe  
  92  13:45  Probe, Assimilator  
  94  13:56  Archon  
  94  14:00  Pylon  
  94  14:07  Pylon  
  88  14:10  High Templar x2  
  88  14:11  Zealot x2  
  96  14:18  Archon  
  82  14:29  Zealot  
  74  14:34  Zealot x2  
  66  14:43  High Templar x2  
  70  14:50  Zealot  
  72  14:55  Zealot x2  
  72  14:57  Archon  
Tags
 
Add a new tag
Caveats
  • Supply blocks, unpowered buildings, or Contaminate may cause inaccurate times.
  • Supply counts are checked every 10 seconds.